[Event "*** Titled Tuesday Blitz"]
[Site "Chess.com"]
[Date "2019.08.06"]
[Round "6"]
[White "VeraNebolsina"]
[Black "Orest_Vovk"]
[Result "1-0"]
[WhiteElo "2394"]
[BlackElo "2233"]
[TimeControl "180+2"]
[EndTime "14:23:31 PDT"]
[Termination "VeraNebolsina won by resignation"]

1. e4 g5 2. d4 h6 3. Nc3 Bg7 4. Be3 c5 5. dxc5 Bxc3+ 6. bxc3 Nc6 7. h4 Qa5 8. Qd2 g4 9. Bc4 Nf6 10. f3 b6 11. cxb6 axb6 12. Ne2 gxf3 13. Nf4 fxg2 14. Rg1 Nxe4 15. Qd3 Qxc3+ 16. Qxc3 Nxc3 17. Rxg2 b5 18. Bb3 d6 19. Rg7 e6 20. Kf2 Kf8 21. Rag1 Ne4+ 22.
Ke2 d5 23. Nh5 Bd7 24. Bc1 Ke7 25. Bb2 Rhf8 26. Rf1 Be8 27. Nf6 Kd6 28. Nxe4+ dxe4 29. Rd1+ Ke7 30. Rf1 Na5 31. Ba3+ Kd7 32. Bxf8 Nxb3 33. axb3 Ra2 34. Kd2 Kc6 35. Kc3 f5 36. Re7 Bd7 37.
Bxh6 Kd6 38. Bf8 b4+ 39. Kxb4 Rxc2 40. Rd1+ Ke5 41. Rexd7 e3 42. Bh6 f4 43. Rf7 Rf2 44.
Re1 Ke4 45. Bxf4 Rxf4 46. Rxf4+ Kxf4 47. h5 1-0

[Event "*** Titled Tuesday Blitz"]
[Site "Chess.com"]
[Date "2019.08.06"]
[Round "6"]
[White "GM_shahin"]
[Black "K_A_S_T_O_R"]
[Result "0-1"]
[WhiteElo "2887"]
[BlackElo "2805"]
[TimeControl "180+2"]
[EndTime "14:23:33 PDT"]
[Termination "K_A_S_T_O_R won by resignation"]

1. b3 d5 2. Bb2 Bg4 3. Nf3 Bxf3 4.
gxf3 e6 5. e3 Nf6 6. c4 c6 7. d4 Nbd7 8. Nd2 g6 9. f4 Bb4 10.
a3 Bxd2+ 11. Qxd2 Ne4 12. Qc2 Qh4 13. Bg2 Ndf6 14. h3 O-O 15. a4 a5 16. Ba3 Rfe8 17. O-O Rad8 18. b4 axb4 19. Bxb4 Nd6 20. Bxd6 Rxd6 21.
Rfb1 Rd7 22. Rb3 Ree7 23. Rab1 Ne8 24. c5 Ng7 25. Qb2 Nf5 26. Qe2 h5 27. a5 Kh7 28. a6 bxa6 29. Qxa6 Rc7 30. Rb7 Kg7 31. Qa7 Rxb7 32. Rxb7 Rxb7 33. Qxb7 g5 34. fxg5 Qxg5 35. Kf1 Nh4 36. Bh1 Qf5 37. Qxc6 Qxh3+ 38. Kg1 Qg4+ 39.
Kh2 Qe2 40. Kg3 Nf5+ 41. Kh3 Qxf2 42. Qc7 Qxe3+ 43. Kh2 Qf2+ 44. Bg2 Ne3 45. Qg3+ Ng4+ 46. Kh3 Qxg3+ 47. Kxg3 Kf6 48. Bf3 Ne3 49. Bxh5 Nf5+ 50. Kf4 Nxd4 51. Bd1 e5+ 52. Ke3 Ke6 53. Kd3 Kd7 54.
Ba4+ Kc7 55. Be8 f6 56. Kc3 Ne6 57. Kb4 Nd8 58. Kb5 f5 59. c6 f4 60. Kc5 d4 61.
Kd5 f3 62. Bh5 f2 63. Be2 Nxc6 64. Kc5 e4 0-1

[Event "*** Titled Tuesday Blitz"]
[Site "Chess.com"]
[Date "2019.08.06"]
[Round "6"]
[White "BabyFacedAssasin"]
[Black "gemarin"]
[Result "0-1"]
[WhiteElo "2167"]
[BlackElo "2087"]
[TimeControl "180+2"]
[EndTime "14:23:33 PDT"]
[Termination "gemarin won by resignation"]

1. e4 c5 2. Nf3 Nc6 3. Bb5 g6 4. Bxc6 dxc6 5. d3 Bg7 6. h3 e5 7. O-O b6 8. Nc3 Be6 9. Ng5 Qe7 10. Nxe6 Qxe6 11. Be3 Ne7 12. a4 c4 13. dxc4 Qxc4 14. a5 b5 15. Qd6 b4 16. Bc5 O-O 17. Bxb4 Nc8 18. Qc5 Qe6 19. Rfd1 Re8 20. Rd3 Rb8 21. Rad1 Bf8 22. Qe3 Bxb4 23. Rd8 Bxa5 24. Rxe8+ Qxe8 25. b3 Bb6 26. Qd3 Bd4 27. Ne2 Bb6 28. c4 Ne7 29.
b4 Rd8 30. Qc2 Rxd1+ 31. Qxd1 Qd8 32. Qc2 Bd4 33. c5 Kg7 34. Qa2 Qd7 35. Qa6 Ng8 36.
Qd3 Nf6 37. Kf1 Bb2 38. Qc2 Bd4 39. f3 Be3 40. g3 Qd2 41. Qxd2 Bxd2 42. b5 cxb5 43. c6 Ba5 44. Nc3 a6 45. Na2 Ne8 46. Ke2 Nc7 47. Kd3 Kf8 48. Kc2 Ke7 49. f4 exf4 50.
gxf4 Kd6 51. Kd3 Kxc6 52. Nc1 Ne6 53. Nb3 Nc5+ 54. Nxc5 Kxc5 55. e5 Bc7 56. Ke4 a5 57. f5 gxf5+ 58. Kxf5 Bd8 0-1

[Event "*** Titled Tuesday Blitz"]
[Site "Chess.com"]
[Date "2019.08.06"]
[Round "6"]
[White "Evgeny81"]
[Black "RoelandPruijssers"]
[Result "1-0"]
[WhiteElo "2563"]
[BlackElo "2479"]
[TimeControl "180+2"]
[EndTime "14:23:38 PDT"]
[Termination "Evgeny81 won by resignation"]

1. Nf3 f5 2. c4 Nf6 3. Nc3 g6 4. d4 Bg7 5. e3 O-O 6. b4 d6 7. Bb2 e6 8. c5 Qe7 9. Qb3 Nc6 10. b5 Nd8 11. cxd6 cxd6 12. Be2 Nf7 13. O-O Kh8 14.
Rac1 g5 15. Nd2 g4 16. a4 b6 17. Na2 Nd5 18. Nb4 Nxb4 19. Qxb4 Bb7 20. Rc2 Rac8 21. Rfc1 Rxc2 22. Rxc2 Bd5 23. Qc3 Qh4 24. Qc7 Ng5 25.
Qxd6 f4 26. exf4 Nh3+ 27. gxh3 gxh3 28. Rc3 Rd8 29. Rxh3 Qf6 30. Qc7 Bh6 31. Qe5 Qxe5 32. dxe5 Bxf4 33. Nf1 Rg8+ 34. Ng3 Rc8 35. Bd3 h6 36.
Rh4 Bc1 37. Bxc1 Rxc1+ 38. Bf1 Kg7 39. Rg4+ Kf7 40. h4 Ra1 41. Rd4 Ra2 42. Bg2 Bb3 43. Rd7+ Kf8 44. Rxa7 Rxa4 45. Rxa4 Bxa4 46. Bf1 1-0

[Event "*** Titled Tuesday Blitz"]
[Site "Chess.com"]
[Date "2019.08.06"]
[Round "6"]
[White "FairChess_on_YouTube"]
[Black "jefferyx"]
[Result "1/2-1/2"]
[WhiteElo "3028"]
[BlackElo "2934"]
[TimeControl "180+2"]
[EndTime "14:23:40 PDT"]
[Termination "Game drawn by stalemate"]

1. c4 g6 2. d4 Nf6 3. Nc3 d5 4. cxd5 Nxd5 5. e4 Nxc3 6. bxc3 Bg7 7. Nf3 c5 8. Be2 Nc6 9. d5 Bxc3+ 10. Bd2 Bxa1 11.
Qxa1 Nd4 12. Nxd4 cxd4 13. Qxd4 O-O 14. O-O Qb6 15. Qa1 Bd7 16. Bh6 f6 17. Rb1 Qc7 18. d6 Qxd6 19. Bxf8 Kxf8 20. Rxb7 Bc6 21. e5 fxe5 22.
Rb1 Qd4 23. a3 Be4 24. Rd1 Qxa1 25. Rxa1 Rc8 26. f3 Bf5 27. a4 a5 28. Bb5 e4 29. g4 Be6 30. Re1 Rc3 31. Rxe4 Bd5 32. Re5 e6 33. f4 Rf3 34. f5 gxf5 35. gxf5 Rxf5 36. Rxf5+ exf5 37. Bd3 Be4 38. Bxe4 fxe4 39. Kf2 Ke7 40. Ke3 Kd6 41. Kxe4 Kc5 42. h4 Kb4 43. Kd4 h5 44. Kd3 Kxa4 45. Kc4 Ka3 46. Kc3 Ka2 47. Kc2 Ka3 48. Kc3 a4 49. Kc2 Kb4 50. Kb2 Kc4 51. Ka3 Kd4 52. Kxa4 Ke4 53. Kb3 Kf4 54. Kc3 Kg4 55. Kd3 Kxh4 56. Ke2 Kg3 57.
Kf1 h4 58. Kg1 h3 59. Kh1 h2 1/2-1/2

[Event "*** Titled Tuesday Blitz"]
[Site "Chess.com"]
[Date "2019.08.06"]
[Round "6"]
[White "Manukyan_Artak"]
[Black "santosalberto1987"]
[Result "1-0"]
[WhiteElo "2398"]
[BlackElo "2463"]
[TimeControl "180+2"]
[EndTime "14:23:40 PDT"]
[Termination "Manukyan_Artak won by checkmate"]

1. e4 e6 2. d4 d5 3. e5 c5 4. c3 Qb6 5. Nf3 Nc6 6. a3 a5 7. Be2 Bd7 8. O-O a4 9. dxc5 Bxc5 10. c4 dxc4 11. Bxc4 Na5 12. Ba2 Ne7 13. Nc3 Bc6 14.
Nxa4 Bxa4 15. Qxa4+ Qc6 16. Qg4 Bb6 17. b4 h5 18. Qf4 Ng6 19. Qg5 Nc4 20. Bf4 Nxa3 21. Rac1 Qe4 22. Be3 Bd8 23. Qg3 h4 24. Qh3 Nxe5 25.
Nxe5 Qxe5 26. Rfe1 Qf6 27. Bc5 Rh6 28. Kh1 Be7 29.
Bxe7 Qxe7 30. Ra1 Nb5 31. Bc4 Rxa1 32. Bxb5+ Kf8 33. Rxa1 Kg8 34. Qc3 Rf6 35. Bd3 g6 36. Ra8+ Kg7 37. Qc8 Kh6 38. Qh8+ Kg5 39. g3 hxg3 40.
hxg3 Kg4 41. Qh4+ Kf3 42. Qe4+ Kxf2 43. Qg2+ Ke3 44. Qe2+ Kd4 45. Qe4+ Kc3 46. Rc8+ Kb2 47. Qd4+ Kb3 48. Qc3+ Ka2 49. Ra8# 1-0

[Event "*** Titled Tuesday Blitz"]
[Site "Chess.com"]
[Date "2019.08.06"]
[Round "6"]
[White "mikhaillushenkov"]
[Black "capatl"]
[Result "1-0"]
[WhiteElo "2688"]
[BlackElo "2534"]
[TimeControl "180+2"]
[EndTime "14:23:50 PDT"]
[Termination "mikhaillushenkov won by resignation"]

1. Nf3 c5 2. c4 b6 3. d4 cxd4 4. Nxd4 Bb7 5. Nc3 Nf6 6. f3 e6 7. e4 d6 8. Be3 a6 9. Be2 Nbd7 10. Qd2 Be7 11. O-O O-O 12. Rfd1 Qc7 13. Rac1 Rfd8 14.
Bf1 Rac8 15. a3 Qb8 16. Kh1 Ne5 17. Na4 Nfd7 18. b4 Rc7 19. Qf2 Rdc8 20. Nb2 Bf6 21. Nb3 Be7 22. h3 Ba8 23. Bd4 b5 24. cxb5 Rxc1 25. Rxc1 Rxc1 26. Nxc1 axb5 27. Nb3 Nc6 28. Be3 Bf6 29. Nd4 Nxd4 30. Bxd4 Bc6 31. Bxf6 Nxf6 32. Qd4 d5 33. e5 Nd7 34. Nd3 Qb6 35. Qc3 d4 36. Qc2 h6 37. Kh2 Qb7 38. Nc5 Qc7 39. f4 Nb6 40. Nxe6 fxe6 41. Bxb5 d3 42. Qxc6 Qxc6 43.
Bxc6 d2 44. Bf3 Nc4 45. a4 Kf8 46. a5 Ke7 47. a6 Kd7 48. a7 Nb6 49. Kg1 Kc7 50.
Kf2 d1=Q 51. Bxd1 Kb7 52. Bb3 Kxa7 53. Bxe6 Kb7 54. Ke3 Kc7 55. Ke4 Na4 56. g4 Nc3+ 57.
Kf5 Kd8 58. Bc4 Ke7 59. h4 Nd1 60. Ke4 Nf2+ 61. Kf3 Nd1 62. h5 Nc3 63. Ke3 Na4 64.
Kd4 Nb6 65. Bb3 Nd7 66. Kd5 Nb6+ 67. Kc6 Nd7 68. b5 Nb8+ 69. Kc7 Nd7 70. b6 Nc5 71. Bc4 1-0

[Event "*** Titled Tuesday Blitz"]
[Site "Chess.com"]
[Date "2019.08.06"]
[Round "6"]
[White "Saitama_Hero"]
[Black "ama18"]
[Result "0-1"]
[WhiteElo "2324"]
[BlackElo "2461"]
[TimeControl "180+2"]
[EndTime "14:23:51 PDT"]
[Termination "ama18 won by resignation"]

1. d4 Nf6 2. c4 e6 3. Nc3 d5 4.
Nf3 c5 5. e3 a6 6. a3 Nc6 7.
Bd3 dxc4 8. Bxc4 b5 9. Ba2 Bb7 10. O-O Be7 11. Qe2 cxd4 12. Rd1 O-O 13. exd4 Nd5 14.
Nxd5 exd5 15. Bf4 Bf6 16. Rac1 Re8 17. Ne5 Rc8 18. Rc3 g6 19. Re3 Ne7 20. Ng4 Bg7 21. Re1 Kf8 22. Bg5 Rc7 23. Nf6 Bxf6 24. Bxf6 Qd7 25.
Re5 Bc6 26. Qe3 Nf5 27. Qh3 Rxe5 28. Bxe5 h5 29. Bxc7 Qxc7 30. Qc3 Qb6 31. Qc5+ Qxc5 32. dxc5 d4 33. Rd1 Ke7 34. b4 Kf6 35. Bb1 Ke5 36.
g3 Bf3 37. Re1+ Kd5 38. Ba2+ Kc6 39. Bxf7 d3 40. Bb3 Nd4 41. Bd1 d2 42. Rf1 Ne2+ 43.
Bxe2 Bxe2 44. Ra1 d1=Q+ 45. Rxd1 Bxd1 46. f4 Kd5 47. Kf2 Bg4 48. Ke3 Bf5 49. Kd2 Kc4 50.
c6 Kb3 51. c7 Kxa3 52. Kc3 Ka4 53. g4 hxg4 0-1

[Event "*** Titled Tuesday Blitz"]
[Site "Chess.com"]
[Date "2019.08.06"]
[Round "6"]
[White "I-Mesquita"]
[Black "FearNoEvil12"]
[Result "1-0"]
[WhiteElo "2697"]
[BlackElo "2001"]
[TimeControl "180+2"]
[EndTime "14:23:51 PDT"]
[Termination "I-Mesquita won by resignation"]

1. Nf3 b5 2. g3 Bb7 3. Bg2 a6 4. O-O Nf6 5. b3 e6 6. Bb2 d6 7. c4 Nbd7 8. d3 Be7 9. Nc3 b4 10.
Nb1 O-O 11. Nbd2 c5 12. e4 Qc7 13. Re1 e5 14. Nf1 Nb8 15. Ne3 g6 16. Nh4 Nc6 17. f4 Nd4 18. Rf1 Nh5 19. Nhf5 exf4 20. gxf4 Bf6 21.
Rf2 Nxf5 22. Nxf5 Bxb2 23. Rxb2 Nxf4 24. Qg4 Nxd3 25. Rd2 Ne5 26. Qg5 f6 27. Qg3 Rad8 28. Rad1 Nf7 29. h4 Kh8 30. Ne3 Ne5 31. Rf1 Rf7 32. h5 Rg8 33. h6 Qd8 34. Rfd1 Rd7 35. Qf4 Qf8 36. Rf1 Rf7 37. Qh4 g5 38. Qh2 Rg6 39. Nf5 Ng4 40. Qxd6 Qxd6 41. Rxd6 Nxh6 42. Rd8+ Ng8 43. Nd6 Rc7 44. Bh3 Rgg7 45. Be6 Bxe4 46. Ne8 Rce7 47. Nxg7 Kxg7 48. Bxg8 Kh6 49. Bd5 f5 50.
Bxe4 fxe4 51. Kf2 Kg6 52. Ke3 h6 53. Rd6+ Kh5 54. Rh1+ Kg4 55. Rdxh6 Rf7 56. Rg1+ Kf5 57. Rf1+ Ke5 58. Rxf7 1-0

[Event "*** Titled Tuesday Blitz"]
[Site "Chess.com"]
[Date "2019.08.06"]
[Round "6"]
[White "medalja"]
[Black "Ibraev_Vasilj"]
[Result "1-0"]
[WhiteElo "2365"]
[BlackElo "2282"]
[TimeControl "180+2"]
[EndTime "14:23:52 PDT"]
[Termination "medalja won by resignation"]

1. d4 g6 2. c4 Bg7 3. Nf3 d6 4. g3 Nc6 5. Bg2 Bg4 6. d5 Bxf3 7. Bxf3 Ne5 8. Bg2 Nf6 9. f4 Ned7 10. O-O O-O 11.
e4 c6 12. Nc3 cxd5 13. exd5 a6 14. Qe2 Re8 15. Be3 Qa5 16. Rfc1 Rac8 17. a3 Qc7 18. b3 h5 19. h3 Nc5 20. Rab1 b6 21. g4 hxg4 22. hxg4 Nfd7 23. Bf3 Rb8 24. Kg2 Nf6 25.
g5 Nfd7 26. b4 Nb7 27. Ne4 e6 28. Qf2 exd5 29. cxd5 Qd8 30. Rh1 a5 31. Bd4 axb4 32.
Bxg7 Kxg7 33. Qd4+ Kf8 34. Rbe1 Ne5 35. fxe5 Rxe5 36.
Nf6 Rxg5+ 37. Kf2 Re5 38. Rh8+ Kg7 39. Rxd8 Rxd8 40. Rxe5 dxe5 41. Qxe5 Kf8 42. Nh7+ Kg8 43. Nf6+ Kf8 44. axb4 Nd6 45. Nh7+ Kg8 46. Qe7 Re8 47. Nf6+ Kg7 48. Nxe8+ Nxe8 49. Qxe8 1-0

[Event "*** Titled Tuesday Blitz"]
[Site "Chess.com"]
[Date "2019.08.06"]
[Round "6"]
[White "Alexander_Donchenko"]
[Black "Ba_clbaf_osed_ingo_3v21"]
[Result "1-0"]
[WhiteElo "2686"]
[BlackElo "2523"]
[TimeControl "180+2"]
[EndTime "14:23:55 PDT"]
[Termination "Alexander_Donchenko won by resignation"]

1. e4 c5 2. Nf3 d6 3. d4 cxd4 4. Nxd4 Nf6 5. Nc3 a6 6. Be2 e5 7. Nf3 h6 8. Nd2 Be6 9. a4 Qc7 10. O-O Nbd7 11. a5 Be7 12. Re1 O-O 13. Nf1 Qc6 14. Ne3 Rac8 15. Ncd5 Bd8 16. Bf3 Nc5 17.
Nxf6+ Bxf6 18. Nd5 Nd7 19. c3 Bxd5 20. exd5 Qc4 21.
Re4 Qc7 22. Be3 Bg5 23. Bxg5 hxg5 24. Rg4 Qd8 25. Qd2 f6 26. h4 gxh4 27. Qh6 Qe7 28. Qxh4 Qf7 29. g3 f5 30. Rg5 Qf6 31. Kg2 e4 32.
Bh5 f4 33. Bg6 f3+ 34. Kh2 Rfd8 35. Bh7+ Kf7 36. Rf5 Rh8 37. Qxe4 Rxh7+ 38. Kg1 Rch8 39. Rxf6+ Nxf6 40. Qxf3 Rh2 41. Re1 g5 42. Re6 R8h6 43. Rxf6+ Rxf6 44. Qxf6+ Kxf6 45. Kxh2 Ke5 46. Kh3 Kxd5 47.
Kg4 Kc4 48. Kxg5 Kb3 49. f4 Kxb2 50. f5 Kxc3 51. f6 1-0

[Event "*** Titled Tuesday Blitz"]
[Site "Chess.com"]
[Date "2019.08.06"]
[Round "6"]
[White "adriangschnitzer"]
[Black "Thee-Chessboy"]
[Result "1-0"]
[WhiteElo "2564"]
[BlackElo "2407"]
[TimeControl "180+2"]
[EndTime "14:23:55 PDT"]
[Termination "adriangschnitzer won by resignation"]

1. d4 g6 2. g3 Bg7 3. Bg2 d6 4.
e4 Nd7 5. Nc3 e5 6. Nge2 Ne7 7.
O-O O-O 8. h3 Nc6 9. Be3 Nb6 10.
b3 f5 11. d5 Ne7 12. Qd2 Nd7 13. f4 Nc5 14. Kh2 fxe4 15. Nxe4 Nxe4 16. Bxe4 Nf5 17.
Bxf5 Bxf5 18. Rae1 a5 19. g4 Bd7 20. Ng3 exf4 21. Bxf4 Qf6 22. Be5 Qxe5 23. Rxe5 Bxe5 24. Kg2 Rxf1 25. Nxf1 Rf8 26. Qxa5 b6 27. Qa7 Rf7 28. Qxc7 Bxg4 29. Qd8+ Rf8 30. Qxb6 Bf3+ 31. Kg1 Bxd5 32.
Ne3 Be4 33. Ng4 Bf4 34. Qc7 h5 35. Qe7 hxg4 36. Qxe4 Kg7 37. hxg4 Be5 38. a4 Rf4 39. Qe2 Kh6 40. a5 Kg5 41. a6 Rxg4+ 42. Kf1 Rf4+ 43. Kg2 Bd4 44. Qe7+ Bf6 45. Qe3 Bd4 46. Qxd4 Rxd4 47. a7 Rd2+ 48. Kf3 Rxc2 49. a8=Q Rc3+ 50. Ke2 Rxb3 51. Qd5+ 1-0

[Event "*** Titled Tuesday Blitz"]
[Site "Chess.com"]
[Date "2019.08.06"]
[Round "6"]
[White "FrenchMonster2002"]
[Black "Olga_Girya"]
[Result "1-0"]
[WhiteElo "2516"]
[BlackElo "2489"]
[TimeControl "180+2"]
[EndTime "14:23:56 PDT"]
[Termination "FrenchMonster2002 won by resignation"]

1. e4 c6 2. Nc3 d5 3. Nf3 dxe4 4.
Nxe4 Nf6 5. Qe2 Nxe4 6. Qxe4 Nd7 7. Bc4 Nf6 8. Ne5 e6 9. Qe2 b5 10. Nxc6 Qd7 11. Bxb5 a6 12. Ba4 Bb7 13. Qc4 Rc8 14. Na5 Rxc4 15. Bxd7+ Nxd7 16. Nxc4 Bxg2 17. Rg1 Bd5 18.
Ne3 Bb7 19. b3 Ne5 20. Ke2 Bf3+ 21. Kf1 f6 22. Bb2 Ng6 23. Rg3 Bb7 24. Nc4 Kf7 25.
Re1 Be7 26. Rd3 Bd5 27. Ne3 Bc6 28. a4 Bb4 29. Nc4 Nf4 30. Rg3 Rd8 31. Bc3 Bc5 32. b4 Ba7 33. Nb2 Bd5 34. d3 g5 35. Bd2 Ng6 36.
c4 Ba8 37. Be3 Bb8 38. b5 Bxg3 39. hxg3 axb5 40. axb5 Ne5 41. c5 Nxd3 42. Nxd3 Rxd3 43. c6 Rb3 44. Ra1 Bxc6 45. bxc6 Rc3 46. Ra7+ Kg6 47. c7 h5 48. Bb6 h4 49. gxh4 gxh4 50.
Ra8 1-0

[Event "*** Titled Tuesday Blitz"]
[Site "Chess.com"]
[Date "2019.08.06"]
[Round "6"]
[White "Jbd735"]
[Black "Schachspielerr"]
[Result "1/2-1/2"]
[WhiteElo "2454"]
[BlackElo "2647"]
[TimeControl "180+2"]
[EndTime "14:23:58 PDT"]
[Termination "Game drawn - insufficient material"]

1. e4 c5 2. Nf3 Nc6 3. d4 cxd4 4. Nxd4 Nf6 5. Nc3 d6 6. Bc4 g6 7. O-O Bg7 8. Nde2 O-O 9. a4 Bd7 10. Be3 a6 11. f3 Ne5 12. Bb3 Rc8 13. a5 Nc4 14. Bxc4 Rxc4 15. b3 Rc6 16. Nd5 e6 17. Nb6 d5 18. Nd4 dxe4 19. Nxc6 Bxc6 20. Qxd8 Rxd8 21.
Rad1 Re8 22. Kf2 exf3 23. gxf3 h6 24. c4 g5 25. h3 Nh5 26. Rd3 Be5 27. Rfd1 Bg3+ 28.
Ke2 Bc7 29. b4 Ng3+ 30. Kf2 Nf5 31. Bc5 Bg3+ 32. Ke2 Bf4 33. Nd7 Kg7 34. Nb6 Kg6 35. Rd8 Rxd8 36. Rxd8 Nh4 37. Rd3 Kf5 38. Rb3 h5 39. b5 Bxf3+ 40. Rxf3 Nxf3 41. Kxf3 Bd2 42. Nc8 g4+ 43. hxg4+ hxg4+ 44. Kg2 axb5 45. cxb5 Bxa5 46. Nd6+ Ke5 47. Nxb7 Kd5 48. Bf2 Bc7 49. Bg3 Bxg3 50.
Kxg3 Kc4 51. Nd6+ Kc5 52. Nxf7 Kxb5 53. Ng5 Ka4 54. Nxe6 Ka3 55. Kxg4 1/2-1/2

[Event "*** Titled Tuesday Blitz"]
[Site "Chess.com"]
[Date "2019.08.06"]
[Round "6"]
[White "cancrushyou"]
[Black "TregubovP"]
[Result "1/2-1/2"]
[WhiteElo "2505"]
[BlackElo "2504"]
[TimeControl "180+2"]
[EndTime "14:24:00 PDT"]
[Termination "Game drawn - insufficient material"]

1. d4 Nf6 2. c4 e6 3. g3 d5 4.
Nf3 dxc4 5. Bg2 Nc6 6. O-O Rb8 7.
e3 b5 8. a4 a6 9. axb5 axb5 10.
b3 cxb3 11. Nfd2 Bb7 12. Nxb3 Nb4 13. Bxb7 Rxb7 14. Nc3 Be7 15. Qe2 O-O 16. Ba3 c6 17. Rfc1 Nbd5 18. Bxe7 Rxe7 19. Na5 Rc7 20. Nxd5 cxd5 21.
Qxb5 Rxc1+ 22. Rxc1 Ne4 23. Nc6 Qf6 24. Qb2 h5 25. h4 Ra8 26. Ne5 Qf5 27. Kg2 f6 28. Nf3 Kh7 29. Rc7 Qg6 30. Rc6 Qf7 31. Qc2 Re8 32. Nd2 Qg6 33. Nxe4 Qxe4+ 34. Qxe4+ dxe4 35. f3 exf3+ 36. Kxf3 Kg6 37. e4 Re7 38. Rc3 Ra7 39. Rd3 Kf7 40. d5 Rd7 41. g4 hxg4+ 42. Kxg4 exd5 43.
exd5 g6 44. h5 gxh5+ 45. Kxh5 Ke7 46. Kg6 Kd6 47. Kxf6 Ra7 48. Rd1 Ra2 49. Rd3 Rf2+ 50. Kg5 Rf1 51. Kg4 Rf8 52. Kg3 Rf5 53. Kg4 Rxd5 54.
Rxd5+ Kxd5 1/2-1/2

[Event "*** Titled Tuesday Blitz"]
[Site "Chess.com"]
[Date "2019.08.06"]
[Round "6"]
[White "Me_ch_an"]
[Black "DenishevM"]
[Result "0-1"]
[WhiteElo "2328"]
[BlackElo "2484"]
[TimeControl "180+2"]
[EndTime "14:24:00 PDT"]
[Termination "DenishevM won on time"]

1. e4 c5 2. Nf3 d6 3. d4 cxd4 4. Qxd4 a6 5. c4 Nf6 6. Nc3 Nc6 7. Qd2 e5 8. Be2 h6 9. O-O Be6 10. b3 Be7 11. Rd1 Qc7 12. Ba3 Rd8 13. Rac1 Qa5 14. Bb2 O-O 15. a3 Qb6 16. b4 Rc8 17. Bd3 Nd4 18.
Nxd4 exd4 19. Nd5 Nxd5 20. exd5 Bg4 21. Bxd4 Qd8 22. f3 Bg5 23. Be3 Bxe3+ 24. Qxe3 Re8 25. Qd4 Bd7 26. Re1 Qg5 27. c5 dxc5 28. bxc5 Rcd8 29. h4 Qg3 30. Qf2 Qf4 31. Rc4 Qf6 32. Rce4 Rf8 33.
Re5 Rc8 34. Qd4 Rfd8 35. Qe4 g6 36. Qd4 Kg7 37. R1e4 Bf5 38. Re3 Bxd3 39. Rxd3 Rxc5 40. Qxc5 Qxe5 41. Qd4 Kf6 42. Kf2 Qxd4+ 43. Rxd4 Ke5 44. Rb4 Rd7 45. Ke3 Kxd5 46. g4 Kc5 47. Rf4 a5 48. g5 hxg5 49. hxg5 b5 50. Rf6 b4 51. axb4+ axb4 0-1

[Event "*** Titled Tuesday Blitz"]
[Site "Chess.com"]
[Date "2019.08.06"]
[Round "6"]
[White "MFBerna"]
[Black "Mazanchenko_Dmitry"]
[Result "1-0"]
[WhiteElo "2377"]
[BlackElo "2200"]
[TimeControl "180+2"]
[EndTime "14:24:02 PDT"]
[Termination "MFBerna won by checkmate"]

1. e4 c5 2. Nf3 d6 3. d4 Nf6 4. Nc3 cxd4 5. Nxd4 Nc6 6. Bc4 e6 7. O-O Be7 8. Re1 O-O 9. Bb3 a6 10. Nxc6 bxc6 11. e5 dxe5 12. Qxd8 Rxd8 13. Rxe5 Nd5 14. Na4 Nb6 15. Bg5 Bxg5 16. Nxb6 Bf6 17. Ree1 Rb8 18. Nc4 a5 19. Nxa5 Bxb2 20. Rad1 Rxd1 21. Rxd1 Bf6 22.
Nxc6 Rb6 23. Ne5 h6 24. Nc4 Rc6 25. Rd6 Rc5 26. a4 Be7 27. Rb6 Kh7 28. a5 Rd5 29. h3 Rd1+ 30. Kh2 Bc5 31. Rc6 Bxf2 32. Rxc8 h5 33.
g3 h4 34. gxh4 Bxh4 35. a6 Ra1 36. Rc6 Bf2 37. Kg2 Bd4 38. Kf3 e5 39. Ke4 g6 40.
Nxe5 Bxe5 41. Kxe5 f5 42. Rc7+ Kh6 43. a7 Kg5 44.
Bd5 f4 45. h4+ Kxh4 46. a8=Q Rxa8 47. Bxa8 g5 48. Rh7+ Kg3 49. Rg7 Kg4 50. c4 f3 51.
Bxf3+ Kh4 52. c5 g4 53. Rxg4+ Kh3 54. Kf4 Kh2 55. Rh4+ Kg1 56. Kg3 Kf1 57. Rh1# 1-0

[Event "*** Titled Tuesday Blitz"]
[Site "Chess.com"]
[Date "2019.08.06"]
[Round "6"]
[White "Litti"]
[Black "ElHelvetico"]
[Result "0-1"]
[WhiteElo "2490"]
[BlackElo "2689"]
[TimeControl "180+2"]
[EndTime "14:24:03 PDT"]
[Termination "ElHelvetico won by resignation"]

1. e4 c5 2. Nf3 d6 3. d4 cxd4 4. Nxd4 Nf6 5. Nc3 g6 6. Be3 Bg7 7. f3 Nc6 8. Qd2 O-O 9. O-O-O d5 10. Kb1 Nxd4 11. e5 Nf5 12. exf6 exf6 13. Bc5 d4 14.
Bxf8 Qxf8 15. Nb5 Bh6 16. f4 Ne3 17. Re1 Bxf4 18. Qxd4 Bf5 19. Na3 Bh6 20. Bd3 Bxd3 21. Qxd3 Nxg2 22. Ref1 f5 23. h4 Ne3 24. Re1 f4 25. h5 Rd8 26. Qb3 Bg7 27. hxg6 hxg6 28. Nc4 Nxc4 29. Qxc4 Rd4 30. Qe2 Rb4 31. b3 Rb6 32.
Qh2 Qc8 33. Qxf4 Rc6 34. c4 Rf6 35. Qe4 Re6 36. Qh4 Rxe1+ 37. Rxe1 Qf5+ 38. Qe4 Qf6 39. Qe8+ Kh7 40. Rh1+ Bh6 41. Qe3 g5 42. Qe4+ Qg6 43. Qxg6+ Kxg6 44. b4 g4 45. c5 Be3 46. Rh4 f5 47.
Kc2 g3 48. Rh3 Bf2 49. b5 g2 50. Rh8 g1=Q 51. Rg8+ Kf7 52. Rxg1 Bxg1 53. c6 bxc6 54. bxc6 Bb6 55. Kd3 Ke6 56. Ke2 Kd6 57. Kf3 Kxc6 58. Kf4 Kc5 59. Kxf5 Kb4 60. Ke4 Ka3 61. Kd3 Kxa2 62.
Kc2 Ka3 0-1

[Event "*** Titled Tuesday Blitz"]
[Site "Chess.com"]
[Date "2019.08.06"]
[Round "6"]
[White "imdvb6307"]
[Black "iLuusions"]
[Result "0-1"]
[WhiteElo "2402"]
[BlackElo "2550"]
[TimeControl "180+2"]
[EndTime "14:24:07 PDT"]
[Termination "iLuusions won on time"]

1. c4 Nf6 2. Nc3 e6 3. e4 d5 4. e5 d4 5. exf6 dxc3 6. bxc3 Qxf6 7. Nf3 e5 8. d4 Nc6 9. Bg5 Qg6 10. dxe5 Bg4 11. Qd3 Bxf3 12. Qxg6 hxg6 13. gxf3 Nxe5 14. Be2 Be7 15. Be3 O-O-O 16. f4 Nd7 17. O-O Bc5 18. Bd4 Bxd4 19. cxd4 Rh4 20. Rfd1 Rxf4 21. Rd3 Nf6 22. Rad1 Re8 23. Re3 Rfe4 24. Rdd3 Rh8 25. Bf3 Reh4 26. Rb3 b6 27. Re7 Rf8 28. Rd3 Kd8 29. Re1 Rfh8 30. Red1 Rxh2 31. Ra3 R2h3 32. Rdd3 a5 33. c5 Nd7 34. cxb6 cxb6 35. Bc6 Rxd3 36.
Rxd3 Kc7 37. Bxd7 Kxd7 38. Rb3 Rb8 39. Rf3 f6 40. Rg3 g5 41. f4 gxf4 42. Rxg7+ Ke6 43.
a4 b5 44. axb5 Rxb5 45. Kf2 Kf5 46. Ra7 Rb2+ 47. Kf3 Rb3+ 48. Ke2 Ra3 49. Re7 a4 50. Kf2 Rd3 51. Rd7 a3 52. Ra7 Rd2+ 53. Ke1 Ra2 54. d5 Ke5 55. Ra5 f3 56. Kf1 f5 57. Kg1 Kf4 0-1

[Event "*** Titled Tuesday Blitz"]
[Site "Chess.com"]
[Date "2019.08.06"]
[Round "6"]
[White "tbalabayev"]
[Black "stoleriu"]
[Result "1-0"]
[WhiteElo "2391"]
[BlackElo "2499"]
[TimeControl "180+2"]
[EndTime "14:24:09 PDT"]
[Termination "tbalabayev won by checkmate"]

1. Nf3 Nf6 2. g3 e6 3. Bg2 b6 4. O-O Bb7 5. d3 g6 6. e4 Bg7 7.
e5 Ng8 8. Nbd2 d5 9. Re1 Ne7 10. Nf1 c5 11. Ne3 h5 12. Nf1 Nbc6 13. Bg5 Qc7 14.
Qe2 Nf5 15. c3 Ba6 16. h3 Nfe7 17. a3 c4 18. d4 Bb7 19. Qe3 O-O-O 20. Qf4 Rdf8 21.
N1d2 Ng8 22. Qe3 Nce7 23. Rac1 Nf5 24. Qe2 Kb8 25. g4 hxg4 26. hxg4 Nfh6 27. Nh2 f6 28.
Bf4 f5 29. g5 Nf7 30. Nhf3 Rc8 31. Qe3 Ne7 32. Bf1 Bc6 33. Be2 Ba4 34. Kg2 Rh7 35.
Rh1 Rch8 36. Rxh7 Rxh7 37. Nf1 Qd8 38. Ng3 Qh8 39. Qd2 Bb3 40. Rh1 Rxh1 41. Nxh1 Qh5 42.
Ng3 Qh8 43. Qc1 Nc6 44. Nf1 Bf8 45. Bg3 Be7 46. Qf4 Bc2 47. Qh4 Be4 48. Qxh8+ Nxh8 49.
Nd2 Bc2 50. Bf4 Nd8 51. Nh4 Ndf7 52. Nhf3 Be4 53. Kg3 Kc7 54. Kh4 Kc6 55. Ne1 Nd8 56. f3 Bd3 57. Bxd3 cxd3 58. Nxd3 Nhf7 59. Nb4+ Kb5 60. b3 a5 61. a4# 1-0

[Event "*** Titled Tuesday Blitz"]
[Site "Chess.com"]
[Date "2019.08.06"]
[Round "6"]
[White "smshk35"]
[Black "2165149677570"]
[Result "0-1"]
[WhiteElo "2335"]
[BlackElo "2293"]
[TimeControl "180+2"]
[EndTime "14:24:10 PDT"]
[Termination "2165149677570 won by resignation"]

1. e4 c5 2. Nf3 d6 3. d4 cxd4 4. Qxd4 Nc6 5. Bb5 Bd7 6. Bxc6 bxc6 7. c4 e5 8. Qd3 Qc7 9. Nc3 h6 10. O-O Nf6 11. Rd1 Be7 12. b3 Be6 13. Ba3 Rd8 14.
Rac1 O-O 15. Bb2 Qa5 16. Qe2 Nh5 17. Na4 Nf4 18. Qd2 Qxd2 19. Rxd2 Bg4 20. c5 Bxf3 21. gxf3 Nh3+ 22. Kf1 Bg5 23. Rxd6 Bxc1 24. Bxc1 Rxd6 25. cxd6 Rd8 26. Ba3 Nf4 27. Nb2 Ne6 28. Nc4 c5 29.
Nxe5 Rxd6 30. Ke2 Nd4+ 31. Kf1 Ra6 32. Bxc5 Ne6 33. Be3 Rxa2 34. Nc6 a6 35. Kg2 g5 36. Kg3 Ra3 37. b4 Nc7 38. Kg4 Nb5 39. Kh5 Kh7 40.
Ne5 Ra4 41. Bc5 f6 42. Nf7 Nc3 43. Nxh6 Na2 44. Ng4 Nxb4 45. Nxf6+ Kg7 46. Kxg5 Nd3 47. Bd6 Ra5+ 48. e5 Nxe5 49. Nh5+ Kg8 50. Bxe5 Rxe5+ 51. Kg4 Rxh5 52. Kxh5 a5 53. f4 a4 54. f5 a3 55. f6 a2 56. Kg6 a1=Q 57. f7+ 0-1